 Dungeon Crawl Stone Soup version 0.24.0-37-gcf1ca852f1 (webtiles) character file.

Game seed: 3314469856925863159, levelgen mode: deterministic

332 lepoulpe303 the Digger (level 6, -3/32 HPs)
             Began as a Gargoyle Earth Elementalist on Nov 23, 2019.
             Killed by divine providence
             ... invoked by an orc priest
              (14 damage)
             ... on level 4 of the Dungeon on Nov 24, 2019.
             The game lasted 00:13:44 (4469 turns).

lepoulpe303 the Digger (GrEE)                       Turns: 4469, Time: 00:13:44

Health: -3/32      AC:  9    Str: 12    XL:     6   Next: 52%
Magic:  8/11       EV: 12    Int: 17    God:
Gold:   160        SH:  0    Dex: 10    Spells: 1/12 levels left

rFire    . . .     SeeInvis .   g - +0 mace
rCold    . . .     Gourm    .   (no shield)
rNeg     + + .     Faith    .   c - +0 robe
rPois    ∞         Spirit   .   o - +2 helmet
rElec    +         Reflect  .   p - scarf {repulsion}
rCorr    .         Harm     .   (no gloves)
MR       .....                  (no boots)
Stlth    ++........             (no amulet)
HPRegen  0.10/turn              N - ring of positive energy {rN+}
MPRegen  0.12/turn              (no ring)

@: repel missiles
A: negative energy resistance 1, electricity resistance, unbreathing,
petrification resistance, rot immunity, AC +4
a: no special abilities


You were on level 4 of the Dungeon.
You were hungry.

You visited 2 branches of the dungeon, and saw 5 of its levels.

You collected 160 gold pieces.

Inventory:

Hand Weapons
 g - a +0 mace (weapon)
Missiles
 i - 8 poisoned darts (quivered)
 Q - 64 stones
Armour
 c - a +0 robe (worn)
 h - the +5 ring mail of the Present {rElec rC++ Dex-5, unknown}
   (You found it on level 4 of the Dungeon)

   It affects your dexterity (-5).
   It greatly protects you from cold.
   It insulates you from electricity.
 o - a +2 helmet (worn)
 p - a scarf of repulsion (worn)
Jewellery
 N - a ring of positive energy (left hand) {rN+}
Wands
 f - a wand of clouds (6)
Scrolls
 a - 2 scrolls of remove curse {unknown}
 d - 5 scrolls of identify {unknown}
 k - a scroll of random uselessness {unknown}
 l - 2 scrolls of enchant armour {unknown}
 m - a scroll of blinking {unknown}
 r - a scroll of teleportation {unknown}
Potions
 b - a potion of might {unknown}
 j - 2 potions of curing {unknown}
 q - a potion of cancellation {unknown}
Comestibles
 e - 6 rations


   Skills:
 + Level 2.6 Dodging
 - Level 2.6 Stealth
 * Level 3.9 Spellcasting
 + Level 2.0 Conjurations
 - Level 0.7 Transmutations
 * Level 5.7 Earth Magic


You had one spell level left.
You knew the following spells:

 Your Spells              Type           Power        Failure   Level  Hunger
a - Sandblast             Erth           ###...       1%          1    None
w - Passwall              Tmut/Erth      ##......     6%          2    ##.....
x - Stone Arrow           Conj/Erth      ###...       10%         3    ###....
z - Lee's Rapid Deconstr  Erth           ###.......   38%         5    ######.

Your spell library contained the following spells:

 Spells                   Type           Power        Failure   Level  Hunger
 Petrify                  Tmut/Erth      ##......     38%         4    ####...


Dungeon Overview and Level Annotations

Branches:
Dungeon (4/15)             Temple (1/1) D:4

Altars:
Ashenzari
Dithmenos
Elyvilon
Fedhas
Gozag
Hepliaklqana
Kikubaaqudgha
Makhleb
Okawaru
Qazlal
Ru
Sif Muna
Trog
Uskayaw
Xom
Yredelemnul
Zin
The Shining One


Innate Abilities, Weirdness & Mutations

You are resistant to torment.
Your stone body is resilient. (AC +4)
You are immune to poison.
You resist negative energy. (rN+)
You are resistant to electric shocks. (rElec)
You can survive without breathing.
You are immune to petrification.
You are immune to rotting.


Message History

Throwing (i - inventory. (/) - cycle)
i - 10 poisoned darts (quivered)
Aim: an orc priest, wielding a +0 hand axe and wearing a +0 chain mail You throw a poisoned dart.
The poisoned dart hits the orc priest.
The orc priest is poisoned.
You can't see any susceptible monsters within range! (Use Z to cast anyway.)
You can't see any susceptible monsters within range! (Use Z to cast anyway.) Throwing (i - inventory. (/) - cycle)
i - 9 poisoned darts (quivered)
Aim: an orc priest, wielding a +0 hand axe and wearing a +0 chain mail (poisoned)
You throw a poisoned dart.
The poisoned dart closely misses the orc priest.
The orc priest invokes the aid of Beogh against you.
Beogh smites you!
* * * LOW HITPOINT WARNING * * *
You take 9 damage, and have 10/32 hp.
MASSIVE DAMAGE!!
A rock wall.
You begin to meditate on the wall.
You continue meditating on the rock.
The orc priest calls down the wrath of Beogh upon you.
Beogh smites you!
You die...

...# ###.##......# #..## ...#
#.##.####.## .o. ...##
#.##.......# #.# ....#
######.......#..# #.# #.#.##
#.......#.##.#..#######.#
#.#..###.#####.#.##........o.o.#
..#.#.......##.#.......#########
...###.#.##.##.#.#####(#### ..##
##........#@..>o..(..#
...###.........##########.#
..#.#.....<..#.# #......#
#.#..#.......#.# #..§§..#
....##.......#.# #..§..##
....##.......#.#####.....#
....##...................#
....#####.#########...#### ....#
#.# #####


You could see an orc priest.

Levels and vault maps discovered:
D:1:      saegor_arrival_simple_e, layout_basic
D:2:      layout_loops_ring, nicolae_overflow_crystal_walls,
          grunt_temple_overflow_diamond
D:3:      layout_basic, grunt_temple_overflow_open
D:4:      layout_loops_cross, minmay_temple_entry_purple_smoke,
          chequers_serial_rivers_micro_a
Temple:   minmay_temple_curvy_loop

Notes
Turn   | Place    | Note
-------+----------+-------------------------------------------
     0 | D:1      | lepoulpe303 the Gargoyle Earth Elementalist began the quest
                  | for the Orb.
     0 | D:1      | Reached XP level 1. HP: 10/10 MP: 3/3
   206 | D:1      | Identified a +0 club
   212 | D:1      | Reached XP level 2. HP: 15/15 MP: 1/5
   259 | D:1      | Learned a level 2 spell: Passwall
   443 | D:1      | Identified a +0 dagger
   459 | D:1      | Identified a +0 mace (You found it on level 1 of the
                  | Dungeon)
   624 | D:2      | Found a burning altar of Makhleb.
   624 | D:2      | Identified a +0 club
   631 | D:2      | Reached skill level 4 in Earth Magic
   829 | D:2      | Reached XP level 3. HP: 14/19 MP: 6/6
   834 | D:2      | Learned a level 3 spell: Stone Arrow
   850 | D:2      | Identified a +0 shortbow
   878 | D:2      | Reached skill level 2 in Dodging
  1006 | D:2      | Identified a +0 club
  1069 | D:2      | Reached XP level 4. HP: 16/24 MP: 8/8
  1209 | D:2      | Found a shadowy altar of Dithmenos.
  1212 | D:2      | Found an iron altar of Okawaru.
  1217 | D:2      | Found a sacrificial altar of Ru.
  1456 | D:2      | Identified a +0 club
  1506 | D:2      | Identified a +0 club
  1796 | D:3      | Found an opulent altar of Gozag.
  1796 | D:3      | Identified a +0 club
  1797 | D:3      | Found a bloodstained altar of Trog.
  1797 | D:3      | Identified a +1 dagger of electrocution
  1906 | D:3      | Identified a +0 short sword
  1906 | D:3      | Identified a +0 whip
  1907 | D:3      | Found a white marble altar of Elyvilon.
  1913 | D:3      | Identified a +0 short sword
  1913 | D:3      | Identified a +0 scale mail
  1917 | D:3      | Reached skill level 3 in Spellcasting
  2151 | D:3      | Reached skill level 1 in Conjurations
  2368 | D:3      | Identified a +0 mace
  2368 | D:3      | Identified a cursed +0 chain mail
  2374 | D:3      | Identified a +0 short sword
  2380 | D:3      | Reached XP level 5. HP: 11/28 MP: 5/9
  2600 | D:3      | Identified a +0 whip
  2618 | D:3      | Reached skill level 5 in Earth Magic
  2766 | D:3      | Identified a +0 flail
  2800 | D:3      | HP: 6/28 [gnoll/+0 whip (3)]
  2801 | D:3      | HP: 1/28 [gnoll/+0 whip (5)]
  3154 | D:3      | Identified a +0 dagger
  3193 | D:3      | Identified a +0 club
  3205 | D:3      | Identified a +0 club
  3237 | D:3      | Identified a +0 club
  3288 | D:3      | Identified a +0 ring mail
  3321 | D:3      | Identified a +2 helmet (You found it on level 3 of the
                  | Dungeon)
  3561 | D:3      | Identified a scarf of repulsion (You found it on level 3 of
                  | the Dungeon)
  3632 | D:3      | Identified a ring of positive energy (You found it on level
                  | 1 of the Dungeon)
  3662 | D:4      | Got a polished ring mail
  3770 | D:4      | Reached XP level 6. HP: 14/32 MP: 3/11
  3777 | D:4      | Learned a level 5 spell: Lee's Rapid Deconstruction
  4012 | D:4      | Reached skill level 2 in Conjurations
  4120 | D:4      | Found a staircase to the Ecumenical Temple.
  4230 | Temple   | Entered the Ecumenical Temple
  4404 | Temple   | lepoulpe303: !whichgod gree
  4404 | Temple   | meem: 171 recent wins for gree: 94x Vehumet, 15x Ashenzari,
                  | 11x The Shining One, 10x Sif Muna, 8x Gozag, 8x Okawaru, 5x
                  | Makhleb, 5x Ru, 4x Zin, 4x Dithmenos, 3x Nemelex Xobeh, 2x
                  | Hepliaklqana, Qazlal, Xom
  4404 | Temple   | lepoulpe303: !whichgod gree
  4404 | Temple   | meem: 172 recent wins for gree: 94x Vehumet, 15x Ashenzari,
                  | 12x The Shining One, 10x Sif Muna, 8x Gozag, 8x Okawaru, 5x
                  | Makhleb, 5x Ru, 4x Zin, 4x Dithmenos, 3x Nemelex Xobeh, 2x
                  | Hepliaklqana, Qazlal, Xom
  4445 | D:4      | Identified a +0 club
  4445 | D:4      | Identified a +0 flail
  4449 | D:4      | Identified a +0 hand axe
  4449 | D:4      | Identified a +0 chain mail
  4469 | D:4      | Killed from afar by an orc priest

Table legend:
 A = Turns spent in this place as a percentage of turns spent in the entire game.
 B = Non-inter-level travel turns spent in this place as a percentage of non-inter-level travel turns spent in the entire game.
 C = Inter-level travel turns spent in this place as a percentage of turns spent in this place.
 D = Turns resting spent in this place as a percentage of non-inter-level travel turns spent in this place.
 E = Turns spent auto-exploring this place as a percentage of non-inter-level travel turns spent in this place.
 F = Non-inter-level travel turns spent in this place divided by the number of levels of this place that you've seen.
                   A       B       C       D       E      F
               +-------+-------+-------+-------+-------+----------------------
         Total | 100.0 | 100.0 |   3.2 |  39.2 |  43.9 | 865.0
       Dungeon |  95.6 |  96.0 |   2.8 |  40.8 |  41.6 | 1037.5
        Temple |   4.4 |   4.0 |  11.6 |   0.0 |  98.9 | 175.0
               +-------+-------+-------+-------+-------+----------------------

Table legend:
 A = Kills in this place as a percentage of kills in entire the game.
 B = Kills by you in this place as a percentage of kills by you in the entire game.
 C = Kills by friends in this place as a percentage of kills by friends in the entire game.
 D = Other kills in this place as a percentage of other kills in the entire game.
 E = Experience gained in this place as a percentage of experience gained in the entire game.
 F = Experience gained in this place divided by the number of levels of this place that you have seen.
                   A       B       C       D       E      F
               +-------+-------+-------+-------+-------+----------------------
         Total | 100.0 | 100.0 |   N/A |   N/A | 100.0 |  95.0
       Dungeon | 100.0 | 100.0 |   N/A |   N/A | 100.0 | 118.8
               +-------+-------+-------+-------+-------+----------------------

Skill      XL: |  1  2  3  4  5  6 |
---------------+-------------------+-----
Earth Magic    | 4 5 |  5.7
Dodging        | 2 |  2.6
Spellcasting   | 3 |  3.9
Conjurations   | 1 2 |  2.0
Stealth        | |  2.6
Transmutations | |  0.7

Action                   |  1- 3 |  4- 6 || total
-------------------------+-------+-------++-------
Melee: Mace              |    42 |   187 ||   229
Throw: Dart              |     5 |     2 ||     7
 Cast: Sandblast         |    18 |    16 ||    34
       Stone Arrow       |       |    13 ||    13
       Passwall          |       |     2 ||     2
 Stab: Sleeping          |     4 |     6 ||    10
  Eat: Chunk             |     1 |     8 ||     9
       Ration            |       |     1 ||     1
Armor: Robe              |     6 |    74 ||    80
Dodge: Dodged            |    33 |   150 ||   183

Vanquished Creatures
  A scorpion (D:4)
  A howler monkey (D:4)
  A hound (D:4)
  A worker ant (D:4)
  7 adders
  3 gnolls (D:3)
  4 worms
  5 leopard geckos
  9 orcs
  A ball python (D:2)
  4 bats
  5 giant cockroaches
  9 goblins
  8 hobgoblins
  7 frilled lizards
  4 kobolds
  4 rats
74 creatures vanquished.
